 Dungeon Crawl Stone Soup version 0.18-a0-1147-g8e8348b (webtiles) character file.

154 wvc the Skirmisher (level 5, -2/38 HPs)
             Began as a High Elf Wizard on Jan 22, 2016.
             Killed from afar by an orc wizard (8 damage)
             ... with a puff of flame
             ... on level 3 of the Dungeon.
             The game lasted 00:08:52 (3563 turns).

wvc the Skirmisher (High Elf Wizard)                Turns: 3563, Time: 00:08:52

Health: -2/38      AC:  5    Str: 11    XL:     5   Next: 13%
Magic:  8/11       EV: 12    Int: 23    God:
Gold:   93         SH:  2    Dex: 13    Spells: 3 memorised, 6 levels left

rFire  . . .     SeeInvis .     l - +1 short sword
rCold  . . .     Gourm    .     a - +0 robe
rNeg   . . .     Faith    .     (no shield)
rPois  .         Spirit   .     b - +0 hat
rElec  .         Dismiss  .     h - +0 cloak
rCorr  .         Reflect  +     s - +1 pair of gloves
SustAt .         Harm     .     (no boots)
MR     .....                    f - +2 amulet of reflection
Stlth  ++........               (no ring)
                                (no ring)

@: mighty, flying, very slightly contaminated, not resistant to hostile
enchantments, unstealthy
A: no striking features
a: no special abilities


You were on level 3 of the Dungeon.
You were not hungry.

You visited 1 branch of the dungeon, and saw 3 of its levels.

You collected 93 gold pieces.

Inventory:

Hand Weapons
 l - a +1 short sword (weapon)
 u - a cursed -2 short sword
Armour
 a - a +0 robe (worn)
 b - a +0 hat (worn)
 h - a +0 cloak (worn)
 s - a +1 pair of gloves (worn)
 t - a +0 leather armour
Jewellery
 f - a +2 amulet of reflection (around neck)
 j - an uncursed amulet of magic regeneration
Scrolls
 o - a scroll of amnesia
Potions
 g - a potion of heal wounds {unknown}
 k - 3 potions of agility
 m - a potion of flight
 n - a potion of poison {unknown}
 p - a potion of haste {unknown}
 q - a potion of invisibility {unknown}
 r - a potion of magic {unknown}
Books
 c - a book of Minor Magic

   Spells                             Type                      Level
   a - Magic Dart                     Conjuration                  1
   b - Blink                          Translocation                2
   c - Call Imp                       Summoning                    2
   d - Repel Missiles                 Charms/Air                   2
   e - Slow                           Hexes                        2
   f - Conjure Flame                  Conjuration/Fire             3
   g - Mephitic Cloud                 Conjuration/Poison/Air       3
Comestibles
 d - 3 bread rations
 i - 4 meat rations


   Skills:
 + Level 4.5 Fighting
 + Level 0.6 Armour
 - Level 2.1 Dodging
 - Level 2.1 Stealth
 - Level 3.6 Spellcasting
 - Level 1.1 Conjurations
   Level 0.8 Summonings
 + Level 1.1 Translocations
 + Level 1.2 Air Magic


You had 6 spell levels left.
You knew the following spells:

 Your Spells              Type           Power        Failure   Level  Hunger
a - Magic Dart            Conj           #...         10%         1    None
b - Blink                 Tloc           N/A          12%         2    #......
c - Repel Missiles        Chrm/Air       #.....       14%         2    #......


Dungeon Overview and Level Annotations

Branches:
Dungeon (3/15)

Altars:
Fedhas
Pakellas

Shops:
D:2 }


Message History

Aim: an orc, wielding a hand axe You miscast Magic Dart.
You smell something strange.
Something hits you.
* * * LOW HITPOINT WARNING * * *
You hear some strange, mumbled words.
A puff of flame appears from out of thin air!
The puff of flame misses you.
Drink which item? (? for menu, Esc to quit)
It was a potion of flight.
You feel very buoyant.
You fly up into the air.
Something hits you but does no damage.
Drink which item? (? for menu, Esc to quit)
It was a potion of might.
You feel very mighty all of a sudden.
You hear some strange, mumbled words.
A puff of flame appears from out of thin air!
The puff of flame misses you.
You hear some strange, mumbled words.
A puff of flame appears from out of thin air!
The puff of flame hits you!
You die...

############# #...@{oo....#
#.#########.# #.# #.# #.# #.# #.#
#o# ##########.### #.#########
#............# #.##......#
#..........#.#######o##.#....#
####..........#.#..o..[....#....#


You could see 2 orcs.

Vanquished Creatures
  An orc wizard (D:3)
  3 gnolls
  3 adders (D:2)
  An ooze (D:2)
  A worm (D:3)
  2 giant geckos (D:3)
  6 orcs
  2 ball pythons
  7 bats
  4 goblins
  4 hobgoblins
  13 jackals
  3 giant newts
  5 kobolds
  6 rats
61 creatures vanquished.

Notes
Turn   | Place    | Note
--------------------------------------------------------------
     0 | D:1      | wvc the High Elf Wizard began the quest for the Orb.
     0 | D:1      | Reached XP level 1. HP: 11/11 MP: 6/6
   199 | D:1      | Reached skill level 1 in Fighting
   360 | D:1      | Reached XP level 2. HP: 15/18 MP: 1/7
  1382 | D:2      | Reached XP level 3. HP: 25/25 MP: 2/9
  1717 | D:2      | Found a blossoming altar of Fedhas.
  1817 | D:2      | Found an oddly glowing altar of Pakellas.
  1817 | D:2      | Found Pakellas's Prime Provisions.
  1956 | D:3      | Learned a level 2 spell: Blink
  1959 | D:3      | Learned a level 2 spell: Repel Missiles
  2427 | D:3      | Reached XP level 4. HP: 29/31 MP: 7/10
  2759 | D:3      | Reached skill level 4 in Fighting
  3325 | D:3      | Reached skill level 1 in Air Magic
  3427 | D:3      | Reached XP level 5. HP: 38/38 MP: 4/11
  3563 | D:3      | Killed from afar by an orc wizard

Vault maps used:
D:1:      dpeg_arrival_lava_temple_mockup
D:2:      overflow_temple_1_default, johnstein_pakellas_shop
D:3:      serial_forest, infiniplex_forest_lined_1, infiniplex_forest_lined_3,
          infiniplex_forest_end_3, infiniplex_forest_lined_corner,
          infiniplex_forest_zigzag_2, infiniplex_forest_lined_3_way, first_bread

Action                   |  1- 3 |  4- 6 || total
-------------------------+-------+-------++-------
Melee: Short sword       |    28 |    59 ||    87
 Cast: Magic Dart        |   116 |    70 ||   186
       Repel Missiles    |     1 |       ||     1
  Use: Scroll            |     6 |       ||     6
       Potion            |       |     2 ||     2
 Stab: Sleeping          |       |     2 ||     2
  Eat: Chunk             |     4 |     1 ||     5
       Beef jerky        |       |     2 ||     2
